 Dungeon Crawl Stone Soup version 0.29.1-1-gd02db6906a (webtiles) character file.

Game seed: 5881380269828067195

754 dave1331 the Chopper (level 7, -2/67 HPs)
             Began as a Troll Fighter on Oct 2, 2022.
             Slain by an ogre
             ... wielding a +0 giant club
              (23 damage)
             ... on level 6 of the Dungeon.
             The game lasted 00:12:01 (3177 turns).

dave1331 the Chopper (Troll Fighter)                Turns: 3177, Time: 00:12:02

Health: -2/67      AC:  4    Str: 26    XL:     7   Next: 49%
Magic:  6/6        EV:  9    Int:  8    God:
Gold:   230        SH:  9    Dex: 10    Spells: 6/6 levels left

rFire   + . .      SeeInvis .   h - +1 hand axe "Lugan" {venom, rN+ Dex+2}
rCold   . . .      Faith    .   c - +1 kite shield
rNeg    + . .      Spirit   .   b - +0 robe
rPois   .          Reflect  .   (helmet restricted)
rElec   .          Harm     .   (no cloak)
rCorr   +          Rampage  .   (gloves unavailable)
Will    .....                   (boots unavailable)
Stlth   +.........              (no amulet)
HPRegen 1.01/turn               n - ring of resist corrosion
MPRegen 0.10/turn               (no ring)

@: no status effects
A: large, unfitting armour, claws 3, regeneration 1, shaggy fur 1, tough skin 1,
clever 1, fire resistance 1
a: no special abilities


You were on level 6 of the Dungeon.
You visited 1 branch of the dungeon, and saw 6 of its levels.

You collected 342 gold pieces.
You spent 112 gold pieces at shops.

Inventory:

Hand Weapons
 a - a +0 war axe
 h - the +1 hand axe "Lugan" (weapon) {venom, rN+ Dex+2}
   (You found it on level 3 of the Dungeon)

   It poisons the flesh of those it strikes.
   Dex:       It affects your dexterity (+2).
   rN:        It protects you from negative energy.
Armour
 b - a +0 robe (worn)
 c - a +1 kite shield (worn)
Jewellery
 n - a ring of resist corrosion (left claw)
 t - a ring of ice
Scrolls
 e - a scroll of poison
 g - 5 scrolls of identify
 i - a scroll of vulnerability
 k - 2 scrolls of enchant armour
 l - a scroll of fear
 m - 3 scrolls of teleportation
 r - a scroll of torment
 v - a scroll of magic mapping {unknown}
Potions
 d - a potion of might
 f - 2 potions of attraction {unknown}
 j - a potion of mutation
 o - a potion of magic {unknown}
 p - a potion of lignification {unknown}
 q - a potion of curing
 s - a potion of heal wounds {unknown}
 u - a potion of haste {unknown}


   Skills:
 + Level 3.6 Fighting
 + Level 4.4 Axes
 + Level 3.9 Dodging
 + Level 1.1 Stealth
 + Level 4.3 Shields


You had 6 spell levels left.
You didn't know any spells.
Your spell library contained the following spells:

 Spells                   Type           Power      Damage    Failure   Level
 Ensorcelled Hibernation  Hex/Ice        0%         N/A       83%         2
 Passwall                 Tmut/Erth      0%         N/A       83%         2
 Static Discharge         Conj/Air       0%         3-3/arc   83%         2
 Swiftness                Air            0%         N/A       96%         3
 Dispel Undead            Necr           0%         3d6       100%        4
 Sticky Flame             Conj/Fire      0%         2d3       100%        4
 Summon Lightning Spire   Summ/Air       0%         N/A       100%        4
 Storm Form               Tmut/Air       0%         N/A       100%        7
 Maxwell's Capacitive Co  Air            0%         ∞         100%        8


Dungeon Overview and Level Annotations

Branches:
Dungeon (6/15)             Temple (0/1) D:4

Altars:
Cheibriados
Fedhas
Trog
Uskayaw
Xom
Yredelemnul

Shops:
D:2 *   D:3 ?


Innate Abilities, Weirdness & Mutations

You are too large for most types of armour.
You have claws for hands.
Your natural rate of healing is unusually fast.
You are covered in fur. (AC +1)
You have tough skin. (AC +1)
Your mind is acute. (Int +4, Str/Dex -1)
Your flesh is heat resistant. (rF+)


Message History

You hit the bullfrog but do no damage.
The bullfrog is almost dead.
You kill the bullfrog!
You pick up a book of Touch and begin reading...
You add the spells Static Discharge, Sticky Flame and Dispel Undead to your library.
Found a chain mail.
A jelly comes into view.
You hit the jelly.
Your claws burn!
The jelly is moderately wounded.
You block the jelly's attack. The jelly closely misses you.
You hit the jelly.
The jelly is poisoned.
Your claws burn!
The jelly is moderately wounded.
The jelly hits you.
You are splashed with acid.
You resist.
You slash the jelly!
The jelly looks as sick as possible!
Your claws burn!
The jelly is severely wounded.
The jelly hits you but does no damage.
You hit the jelly.
Your claws burn!
The jelly is almost dead.
You block the jelly's attack.
You slash the jelly!
You kill the jelly!
An ogre comes into view. It is wielding a +0 giant club.
You see here 10 gold pieces.
An ogre is nearby!
The ogre shouts!
A sky beast comes into view.
The ogre hits you with a +0 giant club.
You hit the ogre.
The ogre is moderately wounded.
The ogre hits you with a +0 giant club!!
You hit the ogre.
The ogre is poisoned.
The ogre is heavily wounded.
The ogre hits you with a +0 giant club!!
* * * LOW HITPOINT WARNING * * *
You hit the ogre but do no damage.
The ogre looks as sick as possible!
The ogre is severely wounded.
You hit the sky beast.
The sky beast is poisoned.
You block the sky beast's attack.
The ogre hits you with a +0 giant club!!
You die...

### #### ######.# ###
#..#
.......####.#####..###
....................
#O.##.#.#####...##
#@...$............
#Y.##.#.#####.....
#..##.#.#####...#.
#..##.#...........
.........##.......
....##.............
#.....#..........[..
....................
..##.......


You could see a sky beast (very poisoned) and an ogre (extremely poisoned).

Vanquished Creatures
  Prince Ribbit (D:5)
  2 bullfrogs (D:6)
  2 scorpions (D:5)
  2 jellies
  A hound (D:5)
  2 iguanas
  9 adders
  A shadow imp (D:5)
  An ufetubus (D:6)
  A worm (D:2)
  3 dart slugs (D:2)
  4 orcs
  6 bats
  4 endoplasms
  3 giant cockroaches (D:4)
  5 goblins
  7 hobgoblins
  2 quokkas
  5 ball pythons
  4 frilled lizards
  4 kobolds
  4 rats
73 creatures vanquished.

Vanquished Creatures (others)
  3 fungi (D:1)
  4 plants
7 creatures vanquished.

Grand Total: 80 creatures vanquished

Notes
Turn   | Place    | Note
-------+----------+-------------------------------------------
     0 | D:1      | dave1331 the Troll Fighter began the quest for the Orb.
     0 | D:1      | Reached XP level 1. HP: 22/22 MP: 0/0
   184 | D:1      | Reached XP level 2. HP: 29/29 MP: 1/1
   485 | D:1      | Found a faded altar of an unknown god.
   637 | D:2      | Reached XP level 3. HP: 36/36 MP: 2/2
   650 | D:2      | Identified the +2 barding "Vierruutt" {+Inv rC+ rCorr}
   665 | D:2      | Found Volen's General Store.
   814 | D:2      | Reached XP level 4. HP: 44/45 MP: 3/3
  1126 | D:2      | Gained mutation: Your flesh is heat resistant. (rF+)
                  | [potion of mutation]
  1126 | D:2      | Gained mutation: Your mind is acute. (Int +4, Str/Dex -1)
                  | [potion of mutation]
  1340 | D:3      | Identified the +1 hand axe "Lugan" {venom, rN+ Dex+2}
  1436 | D:3      | Noticed a +0 dagger
  1436 | D:3      | Noticed a +0 dagger
  1440 | D:3      | Found a hide-covered altar of Uskayaw.
  1585 | D:3      | Found a basalt altar of Yredelemnul.
  1634 | D:3      | Found Eneu's Magic Scroll Emporium.
  1642 | D:3      | Bought a scroll of identify for 28 gold pieces
  1642 | D:3      | Bought a scroll of identify for 28 gold pieces
  1642 | D:3      | Bought a scroll of identify for 28 gold pieces
  1642 | D:3      | Bought a scroll of identify for 28 gold pieces
  2260 | D:4      | Reached XP level 5. HP: 53/53 MP: 4/4
  2274 | D:4      | Found a shimmering altar of Xom.
  2493 | D:4      | Found a staircase to the Ecumenical Temple.
  2571 | D:5      | Entered Level 5 of the Dungeon
  2589 | D:5      | Found a blossoming altar of Fedhas.
  2605 | D:5      | Noticed Prince Ribbit
  2620 | D:5      | Killed Prince Ribbit
  2621 | D:5      | Reached XP level 6. HP: 25/61 MP: 5/5
  2863 | D:5      | Reached skill level 1 in Stealth
  2863 | D:5      | Reached XP level 7. HP: 63/67 MP: 6/6
  2964 | D:5      | Found a bloodstained altar of Trog.
  2964 | D:5      | Found a snail-covered altar of Cheibriados.
  3177 | D:6      | Slain by an ogre

Illustrated notes

Levels and vault maps discovered:
D:1:      scummos_arrival_simple_fountains, layout_rooms,
          shapermc_ecumenical_altar_mp_ritualfount
D:2:      layout_basic, serial_shops,
          nicolae_shop_temple_entry_statues_fountains, minmay_shallow_snake_nest
D:3:      layout_loops_cross, dancing_weapons_uskayaw,
          nicolae_overflow_hidden_temple, serial_shops, shop, minmay_distorted
D:4:      layout_cave_pools, minmay_temple_entry_hall, serial_park,
          serial_park_avenue1, serial_park_square1
          [serial_park_minivault_5x5_4], serial_park_avenue1
D:5:      layout_rooms, fedhas_ov_isle_minmay,
          gammafunk_temple_overflow_elements, uniq_prince_ribbit1
D:6:      layout_basic, hellmonk_ghost_happy_afterlife, serial_glass,
          glass_columns_c, glass_columns_a, glass_columns_a, glass_columns_b

Skill      XL: |  1  2  3  4  5  6 |
---------------+-------------------+-----
Shields        | 3 4 |  4.3
Axes           | 2 3 4 |  4.4
Fighting       | 3 |  3.6
Dodging        | 3 |  3.9
Stealth        | 1 |  1.1

Action                   |  1- 3 |  4- 6 |  7- 9 || total
-------------------------+-------+-------+-------++-------
Melee: War axe           |    79 |    66 |       ||   145
       Hand axe          |       |    53 |    28 ||    81
  Use: Scroll            |       |     6 |     2 ||     8
       Potion            |       |     3 |       ||     3
 Stab: Sleeping          |       |     1 |       ||     1
Armor: Robe              |    37 |    46 |     3 ||    86
Dodge: Dodged            |    33 |    57 |     8 ||    98
Block: Kite shield       |    41 |    69 |    14 ||   124
